 Dungeon Crawl Stone Soup version 0.22.1-1-ga44c0e56f4 (webtiles) character file.

251 SinguSongi the Ruffian (level 5, -4/46 HPs)
             Began as a Centaur Monk on Oct 10, 2018.
             Killed by divine providence
             ... invoked by an orc priest
              (13 damage)
             ... on level 3 of the Dungeon.
             The game lasted 00:09:55 (3960 turns).

SinguSongi the Ruffian (Centaur Monk)               Turns: 3960, Time: 00:09:55

Health: -4/46      AC:  5    Str: 14    XL:     5   Next: 88%
Magic:  5/5        EV: 10    Int:  9    God:
Gold:   81         SH:  0    Dex: 12    Spells: 4/4 levels left

rFire    . . .     SeeInvis .     - Unarmed
rCold    . . .     Gourm    .   (no shield)
rNeg     . . .     Faith    .   a - +0 robe
rPois    .         Spirit   .   (no helmet)
rElec    .         Reflect  .   d - +0 cloak
rCorr    .         Harm     .   (no gloves)
MR       .....                  (no barding)
Stlth    +.........             (no amulet)
HPRegen  0.15/turn              (no ring)
MPRegen  0.09/turn              (no ring)

@: very quick
A: large, hooves 3, deformed body, speed 2, tough skin 3
a: no special abilities


You were on level 3 of the Dungeon.
You were hungry.

You visited 1 branch of the dungeon, and saw 3 of its levels.

You collected 81 gold pieces.

Inventory:

Armour
 a - a +0 robe (worn)
 d - a +0 cloak (worn)
Wands
 n - a wand of flame (33)
Scrolls
 e - a scroll of immolation {unknown}
 f - 3 scrolls of identify
 g - a scroll of teleportation
 i - a scroll of random uselessness {unknown}
 k - a scroll of enchant weapon {unknown}
 l - a scroll of remove curse
Potions
 c - 2 potions of might
 h - a potion of cancellation {unknown}
 j - 2 potions of curing
 m - a potion of heal wounds {unknown}
 o - a potion of mutation {unknown}
Comestibles
 b - 8 rations


   Skills:
 + Level 3.7 Fighting
 + Level 1.3 Armour
 + Level 2.8 Dodging
 + Level 1.4 Stealth
 + Level 5.1 Unarmed Combat


You had 4 spell levels left.
You didn't know any spells.
Your spell library was empty.

Dungeon Overview and Level Annotations

Branches:
Dungeon (3/15)

Altars:

Annotations:
D:3 1 transporter


Innate Abilities, Weirdness & Mutations

You have hooves in place of feet.
Armour fits poorly on your strangely shaped body.
You cover ground very quickly.
You have extremely tough skin. (AC +3)


Message History

Found 22 gold pieces.
Found a transporter.
The orc priest mumbles some strange prayers to Beogh against you.
Pain shoots through your body!
The orc priest invokes the aid of Beogh against you.
You barely resist.
The orc priest calls down the wrath of Beogh upon you.
Pain shoots through your body!
The orc shouts!
You hear a shout! x2
The shadow imp gestures at you. Pain shoots through your body!
* * * LOW HITPOINT WARNING * * *
The orc shouts!
You hear a shout! x2
The orc priest looks encouraged for a moment.
You open the door. The shadow imp gestures at you.
Pain shoots through your body!
* * * LOW HITPOINT WARNING * * *
The orc priest invokes the aid of Beogh against you.
Beogh smites you!
You die...

.## .# ######....
........o#
#####....oo..#
#.....©..o...#
#.#########..#
#.#8P$©$P8#..#
##.#≈..(..≈#..#
##..####@####...
....#5≈...≈.#...
#..#.≈...≈5#....#
#..#.≈≈PP≈o#.....
#..#o≈≈♣≈≈.#.....
#..#o≈≈≈≈≈.#......
##..#.≈...≈.#......
....#.≈...≈.#....#
###.####'####.....


You could see 4 orc priests, 2 shadow imps and 3 orcs.

Vanquished Creatures
  2 orc wizards
  3 adders
  5 gnolls
  4 oozes
  4 worms
  4 dart slugs
  2 leopard geckos
  8 orcs
  A ball python (D:1)
  6 bats
  A giant cockroach (D:3)
  4 goblins
  7 hobgoblins
  4 jackals (D:3)
  A quokka (D:2)
  4 frilled lizards
  11 kobolds
  8 rats
79 creatures vanquished.

Notes
Turn   | Place    | Note
-------+----------+-------------------------------------------
     0 | D:1      | SinguSongi the Centaur Monk began the quest for the Orb.
     0 | D:1      | Reached XP level 1. HP: 19/19 MP: 1/1
    10 | D:1      | Reached XP level 2. HP: 26/26 MP: 2/2
   638 | D:1      | Reached XP level 3. HP: 30/31 MP: 3/3
  1555 | D:2      | Reached skill level 4 in Unarmed Combat
  1555 | D:2      | Reached XP level 4. HP: 33/38 MP: 4/4
  1559 | D:2      | Noticed an orc warrior
  1893 | D:2      | HP: 1/38 [orc warrior/battleaxe (20)]
  2617 | D:3      | Reached XP level 5. HP: 30/45 MP: 5/5
  2952 | D:3      | Reached skill level 1 in Armour
  3435 | D:3      | Reached skill level 5 in Unarmed Combat
  3926 | D:3      | Found a transporter.
  3953 | D:3      | Found a transporter.
  3960 | D:3      | Killed from afar by an orc priest

Skill      XL: |  1  2  3  4  5 |
---------------+----------------+-----
Unarmed Combat | 4 5 |  5.1
Armour         | 1 |  1.3
Fighting       | |  3.7
Dodging        | |  2.8
Stealth        | |  1.4

Action                   |  1- 3 |  4- 6 || total
-------------------------+-------+-------++-------
Melee: Unarmed           |   105 |   145 ||   250
       Kick              |    25 |    29 ||    54
       Punch             |     1 |     3 ||     4
  Use: Scroll            |       |     5 ||     5
 Stab: Sleeping          |     1 |     1 ||     2
  Eat: Chunk             |     1 |     6 ||     7
Armor: Robe              |    27 |    13 ||    40
       Ring mail         |       |    33 ||    33
Dodge: Dodged            |    49 |    52 ||   101
